 Dungeon Crawl Stone Soup version 0.29-a0-1008-g949cc1d0fb (webtiles) character file.

Game seed: 4840316217033305366

15649 SkeletonJelly the Thaumaturge (level 12, -13/96 HPs)
             Began as a Pale Draconian Monk on Aug 6, 2022.
             Was a High Priest of Kikubaaqudgha.
             Mangled by a death yak (20 damage)
             ... on level 2 of the Lair of Beasts on Aug 8, 2022.
             The game lasted 00:39:56 (14796 turns).

SkeletonJelly the Thaumaturge (DrMo)               Turns: 14796, Time: 00:39:56

Health: -13/96     AC:  9    Str: 14    XL:     12   Next: 3%
Magic:  1/28       EV: 16    Int: 15    God:    Kikubaaqudgha [*****.]
Gold:   709        SH:  0    Dex: 14    Spells: 9/35 levels left

rFire   . . .      SeeInvis .   L - +2 long sword (vamp)
rCold   . . .      Faith    .   (no shield)
rNeg    + . .      Spirit   .   (body armour unavailable)
rPois   .          Reflect  .   (helmet restricted)
rElec   .          Harm     .   (no cloak)
rCorr   .          Rampage  .   u - +0 pair of gloves
Will    .....                   (no boots)
Stlth   ++........              F - amulet of the acrobat
HPRegen 0.26/turn               n - +4 ring of evasion
MPRegen 0.21/turn               s - ring of positive energy

@: death channelling
A: breathe steam, AC +8, unfitting armour, cold-blooded, steam resistance
a: Breathe Steam, Renounce Religion, Unearth Wretches, Torment


You were on level 2 of the Lair of Beasts.
You worshipped Kikubaaqudgha.
Kikubaaqudgha was extremely pleased with you.
You visited 2 branches of the dungeon, and saw 11 of its levels.

You collected 709 gold pieces.

Inventory:

Hand Weapons
 a - a +0 falchion
 x - a +0 long sword
 G - a +2 vampiric spear
 L - a +2 vampiric long sword (weapon)
 P - the +10 sling "Caabis" {freeze, rPois rF- rN+++ Str-4}
   (You found it on level 1 of the Lair of Beasts)

   Any ammunition fired from it freezes those it strikes, dealing additional
   cold damage.
   It can also slow down cold-blooded creatures.
   Str:       It affects your strength (-4).
   rF:        It makes you vulnerable to fire.
   rPois:     It protects you from poison.
   rN:        It renders you almost immune to negative energy.
Missiles
 g - 10 poisoned darts
 l - 4 javelins
 H - 3 datura-tipped darts
Armour
 u - a +0 pair of gloves (worn)
Jewellery
 n - a +4 ring of evasion (left hand)
 s - a ring of positive energy (right hand)
 t - a ring of fire
 F - an amulet of the acrobat (around neck)
 K - a ring of willpower
 O - an amulet of guardian spirit
Wands
 w - a wand of digging (2)
 A - a wand of flame (8)
 J - a wand of polymorph (7)
 S - a wand of roots (1)
Scrolls
 b - 6 scrolls of identify {unknown}
 e - 2 scrolls of enchant weapon {unknown}
 i - 4 scrolls of teleportation {unknown}
 m - 3 scrolls of blinking {unknown}
 o - a scroll of enchant armour {unknown}
 r - 2 scrolls of vulnerability {unknown}
 v - a scroll of fear {unknown}
 y - a scroll of magic mapping {unknown}
 C - 2 scrolls of noise {unknown}
 D - 3 scrolls of silence {unknown}
 E - 2 scrolls of amnesia {unknown}
 Q - a scroll of poison {unknown}
Potions
 c - a potion of curing
 d - a potion of attraction
 f - 7 potions of heal wounds
 h - a potion of haste
 j - 2 potions of might
 k - 2 potions of cancellation {unknown}
 p - 2 potions of flight {unknown}
 q - 2 potions of lignification {unknown}
 z - a potion of brilliance {unknown}
 B - a potion of degeneration {unknown}
 I - a potion of magic {unknown}
 M - 2 potions of invisibility {unknown}
 N - 2 potions of mutation {unknown}
 R - a potion of ambrosia


   Skills:
 + Level 6.2 Fighting
 - Level 8.0 Long Blades
 - Level 2.6 Dodging
 - Level 1.7 Stealth
 - Level 12.0 Spellcasting
 - Level 12.0 Necromancy


You had 9 spell levels left.
You knew the following spells:

 Your Spells              Type           Power      Damage    Failure   Level
a - Necrotise             Necr           100%       1d9       1%          1
c - Borgnjor's Vile Clut  Necr/Erth      13%        N/A       19%         5
d - Animate Dead          Necr           45%        N/A       1%          4
x - Vampiric Draining     Necr           45%        2d9       1%          3
A - Agony                 Necr           45%        N/A       1%          5
B - Sublimation of Blood  Necr           45%        N/A       1%          2
D - Death Channel         Necr           22%        N/A       9%          6

Your spell library contained the following spells:

 Spells                   Type           Power      Damage    Failure   Level
 Dispel Undead            Necr           45%        3d17      1%          4
 Foxfire                  Conj/Fire      36%        2x1d5     8%          1
 Static Discharge         Conj/Air       9%         3-5/arc   12%         2
 Wereblood                Tmut           9%         N/A       12%         2
 Corpse Rot               Necr/Pois/Air  21%        N/A       16%         4
 Conjure Flame            Conj/Fire      9%         6-21      24%         3
 Inner Flame              Hex/Fire       9%         N/A       24%         3
 Portal Projectile        Hex/Tloc       18%        N/A       24%         3
 Tukima's Dance           Hex            9%         N/A       24%         3
 Cause Fear               Hex            4%         N/A       61%         4
 Flame Wave               Conj/Fire      9%         2d6       61%         4
 Sticky Flame             Conj/Fire      9%         2d3       61%         4
 Simulacrum               Ice/Necr       13%        N/A       71%         6
 Blade Hands              Tmut           4%         N/A       91%         5
 Summon Hydra             Summ           4%         N/A       100%        7
 Discord                  Hex            4%         N/A       100%        8


Dungeon Overview and Level Annotations

Branches:
Dungeon (9/15)             Temple (0/1) D:4            Lair (2/5) D:9
  Swamp (0/4) Lair:2          Orc (0/2) D:9
  Snake: Lair:2-3    Spider: Lair:2-3

Altars:
Gozag
Kikubaaqudgha
Nemelex Xobeh
Vehumet
Yredelemnul
Zin

Shops:
D:4 ?   D:5 *   D:8 (   D:9 !

Annotations:
Lair:2 exclusion: 2 oklob plants


Innate Abilities, Weirdness & Mutations

You can breathe blasts of scalding, opaque steam.
Your pale cyan-grey scales are hard. (AC +8)
You cannot fit into any form of body armour.
You are cold-blooded and may be slowed by cold attacks.
You are immune to the effects of steam.


Message History

The death yak is engulfed in a cloud of scalding steam.
You take 11 damage, and have 30/85 hp.
You now have 14/27 mp.
Casting: Vampiric Draining (safe; 1% risk of failure)
Confirm with . or Enter, or press ? or * to list all spells.
Aiming: Vampiric Draining (safe; 1% risk of failure)
Press: ? - help, Shift-Dir - straight line, f/p - death yak
Aim: a death yak (heavily wounded, ally target)
You draw life force from the death yak!
You feel life coursing into your body.
Your cane toad zombie hits the death yak but does no damage.
The death yak barely misses you.
Your spectral death yak gores the death yak!
Your spectral death yak drains the death yak.
Your spectral death yak gores the death yak.
You regained 4 hp, and now have 34/85 hp.
You now have 11/27 mp.
Casting: Vampiric Draining (safe; 1% risk of failure)
Confirm with . or Enter, or press ? or * to list all spells.
Aiming: Vampiric Draining (safe; 1% risk of failure)
Press: ? - help, Shift-Dir - straight line, f/p - death yak
Aim: a death yak (heavily wounded, ally target)
You draw life force from the death yak.
You feel life coursing into your body.
You have got your breath back.
Your cane toad zombie hits the death yak.
The death yak barely misses you.
Your spectral death yak gores the death yak!!
Your spectral death yak gores the death yak.
You regained 3 hp, and now have 37/85 hp.
You now have 8/27 mp.
Casting: Vampiric Draining (safe; 1% risk of failure)
Confirm with . or Enter, or press ? or * to list all spells.
Aiming: Vampiric Draining (safe; 1% risk of failure)
Press: ? - help, Shift-Dir - straight line, f/p - death yak
Aim: a death yak (heavily wounded, ally target)
You draw life force from the death yak!
You feel life coursing into your body.
Your cane toad zombie hits the death yak!
The death yak gores your spectral death yak.
The death yak closely misses you.
Your spectral death yak gores the death yak!
The death yak dies!
Kikubaaqudgha accepts your kill.
A glowing mist starts to gather...
Your Fighting skill increases to level 5!
You regained 6 hp, and now have 43/88 hp.
You now have 6/27 mp.
Casting: Vampiric Draining (safe; 1% risk of failure)
Confirm with . or Enter, or press ? or * to list all spells.
Aiming: Vampiric Draining (safe; 1% risk of failure)
Press: ? - help, Shift-Dir - straight line, f/p - death yak
Aim: a death yak (severely wounded, ally target)
You draw life force from the death yak!
You feel life coursing into your body.
Your cane toad zombie hits the death yak but does no damage.
The death yak gores your spectral death yak.
The death yak gores you!!
Your spectral death yak completely misses the death yak.
Your spectral death yak gores the death yak. x2
You take 13 damage, and have 30/88 hp.
You now have 3/27 mp.
Casting: Vampiric Draining (safe; 1% risk of failure)
Confirm with . or Enter, or press ? or * to list all spells.
Aiming: Vampiric Draining (safe; 1% risk of failure)
Press: ? - help, Shift-Dir - straight line, f/p - death yak
Aim: a death yak (almost dead, ally target)
You draw life force from the death yak!
You kill the death yak!
Kikubaaqudgha accepts your kill.
You feel life coursing into your body.
Your cane toad zombie hits the death yak.
Your spectral death yak gores the death yak but does no damage.
Your Fighting skill increases to level 6!
You have reached level 12!
You feel stronger.
Your scales feel tougher.
You regained 9 hp, and now have 39/96 hp.
You now have 0/28 mp.
You barely miss the death yak.
The death yak is lightly wounded.
The death yak gores you!
* * * LOW HITPOINT WARNING * * *
Your spectral death yak barely misses the death yak.
Your spectral death yak gores the death yak but does no damage. x2
You take 17 damage, and have 22/96 hp.
You hit the death yak but do no damage.
The death yak is lightly wounded.
The death yak completely misses you.
Your spectral death yak gores the death yak!
Your spectral death yak barely misses the death yak.
Your spectral death yak gores the death yak!!
Your spectral death yak drains the death yak.
You hit the death yak but do no damage.
The death yak is heavily wounded.
The death yak gores you!
* * * LOW HITPOINT WARNING * * *
Your spectral death yak gores the death yak!!
Your spectral death yak gores the death yak.
Your spectral death yak completely misses the death yak.
You take 15 damage, and have 7/96 hp.
You barely miss the death yak.
You tail-slap the death yak, but do no damage.
The death yak is almost dead.
The death yak gores you!!
You die...
Kikubaaqudgha rasps: "You have failed me!
Welcome... death!"

..........P...~~♣♣...P.##
.....YZ....♣.♣~~~~♣.♣..P#
...........♣...~~~~~~...##
.....#P.###..♣.♣~♣~~♣.♣..#
......§§Y.......~~.♣♣..###
.##.#.##PP##..ZZ.PP..### #
#. ######ZZZ.....# ##
##Y####### #@# ###


You could see a death yak (drained, ally target), 4 friendly spectral death yaks
and a friendly cane toad zombie.

Vanquished Creatures
  A centaur warrior (D:9)
  2 death yaks (Lair:2)
  Pikel (D:5)
  5 cane toads (Lair:1)
  3 komodo dragons (Lair:1)
  A troll (D:9)
  Grinder (D:5)
  6 blink frogs
  A polar bear (Lair:1)
  13 yaks
  A wyvern (D:9)
  A basilisk (Lair:2)
  A steam dragon (D:8)
  Menkaure (D:5)
  4 water moccasins
  A human zombie (Lair:2)
  4 orc warriors
  3 black bears
  An ogre (D:7)
  2 sky beasts (D:8)
  4 centaurs
  A phantom (D:7)
  3 lemures (D:5)
  7 bullfrogs
  2 gnoll sergeants
  3 necrophages
  3 scorpions
  4 wights (D:9)
  5 killer bees (D:9)
  3 howler monkeys
  3 hounds
  3 orc priests
  2 gnoll boudas
  Jessica (D:3)
  2 iguanas
  5 orc wizards
  Natasha (twice) (D:3)
  10 adders
  15 gnolls
  A shadow imp (D:6)
  2 white imps
  2 worms
  2 dart slugs
  38 orcs
  6 bats
  7 endoplasms
  A giant cockroach (D:1)
  8 goblins
  5 hobgoblins
  2 jackals (D:5)
  2 quokkas
  9 ball pythons
  3 frilled lizards (D:1)
  6 kobolds
  An orc zombie (D:9)
  2 rats
228 creatures vanquished.

Vanquished Creatures (collateral kills)
  2 death yaks (Lair:2)
  An oklob plant (Lair:2)
  2 blink frogs
  Prince Ribbit (Lair:2)
  4 yaks (Lair:1)
  2 water moccasins (Lair:2)
  A floating eye (Lair:2)
  A black bear (Lair:2)
  A wight (D:9)
  An orc (D:9)
16 creatures vanquished.

Vanquished Creatures (others)
  A cane toad (Lair:2)
  An acid dragon (D:9)
  3 blink frog zombies (Lair:2)
  A water moccasin zombie (Lair:2)
  A yak zombie (Lair:1)
  11 orc zombies (D:9)
  A fire vortex (Lair:1)
  29 fungi
  30 plants
78 creatures vanquished.

Grand Total: 322 creatures vanquished

Notes
Turn   | Place    | Note
-------+----------+-------------------------------------------
     0 | D:1      | SkeletonJelly the Draconian Monk began the quest for the
                  | Orb.
     0 | D:1      | Reached XP level 1. HP: 19/19 MP: 1/1
   134 | D:1      | Found a faded altar of an unknown god.
   166 | D:1      | Prayed at the altar of an unknown god.
   166 | D:1      | Became a worshipper of Kikubaaqudgha
   166 | D:1      | Reached * piety under Kikubaaqudgha
   166 | D:1      | Received a gift from Kikubaaqudgha
   166 | D:1      | Reached ** piety under Kikubaaqudgha
   239 | D:1      | Reached XP level 2. HP: 23/26 MP: 2/2
   277 | D:1      | Learned a level 1 spell: Necrotise
   681 | D:1      | Reached *** piety under Kikubaaqudgha
   681 | D:1      | Received a gift from Kikubaaqudgha
   950 | D:1      | Reached skill level 1 in Necromancy
  1064 | D:2      | Reached XP level 3. HP: 25/31 MP: 0/3
  1518 | D:2      | Found an ancient bone altar of Kikubaaqudgha.
  1526 | D:2      | Identified the +7 ring mail of Letriahi {rCorr}
  1709 | D:2      | Reached XP level 4. HP: 38/38 MP: 0/4
  2260 | D:3      | Noticed Jessica
  2272 | D:3      | Killed Jessica
  2629 | D:3      | Found a basalt altar of Yredelemnul.
  2648 | D:3      | Reached skill level 5 in Long Blades
  3175 | D:3      | Reached XP level 5. HP: 45/45 MP: 1/5
  3223 | D:3      | Noticed Natasha
  3236 | D:3      | Killed Natasha
  3361 | D:3      | Noticed Natasha
  3371 | D:3      | Killed Natasha
  4093 | D:4      | Reached XP level 6. HP: 49/51 MP: 1/6
  4205 | D:4      | Found a radiant altar of Vehumet.
  4429 | D:4      | Found Machyj's Magic Scroll Shop.
  4683 | D:4      | Found a staircase to the Ecumenical Temple.
  4758 | D:5      | Entered Level 5 of the Dungeon
  5276 | D:5      | Found Zin's Purification Station.
  5283 | D:5      | Found a glowing silver altar of Zin.
  5320 | D:5      | Noticed Grinder
  5520 | D:5      | Found a sparkling altar of Nemelex Xobeh.
  5520 | D:5      | Found an opulent altar of Gozag.
  5602 | D:5      | Noticed Menkaure
  5613 | D:5      | Killed Menkaure
  5614 | D:5      | Your scales start taking on a pale cyan-grey colour.
  5614 | D:5      | Reached XP level 7. HP: 17/57 MP: 7/7
  5614 | D:5      | Gained mutation: You are immune to the effects of steam.
                  | [Pale Draconian growth]
  5959 | D:5      | Noticed Pikel
  6121 | D:5      | Killed Pikel
  6122 | D:5      | Reached skill level 5 in Necromancy
  6122 | D:5      | Reached XP level 8. HP: 63/63 MP: 8/8
  6184 | D:5      | Paralysed by Grinder for 3 turns
  6190 | D:5      | Killed Grinder
  6372 | D:6      | You fall into a shaft and drop 1 floor!
  6388 | D:7      | Reached skill level 1 in Spellcasting
  6772 | D:6      | Reached **** piety under Kikubaaqudgha
  7188 | D:6      | Reached XP level 9. HP: 34/70 MP: 15/15
  7191 | D:6      | Learned a level 2 spell: Sublimation of Blood
  7199 | D:6      | Learned a level 3 spell: Vampiric Draining
  7204 | D:6      | Learned a level 4 spell: Animate Dead
  7841 | D:7      | Reached skill level 5 in Spellcasting
  8330 | D:8      | Found Kuafufen's Weapon Shop.
  9558 | D:9      | Learned a level 5 spell: Agony
  9843 | D:9      | Noticed a centaur warrior
  9857 | D:9      | Killed a centaur warrior
  9858 | D:9      | Reached XP level 10. HP: 34/77 MP: 20/22
  9858 | D:9      | Upgraded the game from 0.29-a0-1006-g0dd7720b37 to
                  | 0.29-a0-1008-g949cc1d0fb
 10341 | D:9      | Reached ***** piety under Kikubaaqudgha
 10347 | D:9      | Found a staircase to the Orcish Mines.
 10904 | D:9      | Found Evyeja's Distillery.
 11181 | D:9      | Reached skill level 10 in Necromancy
 11560 | D:9      | Found a staircase to the Lair.
 11918 | Lair:1   | Entered Level 1 of the Lair of Beasts
 11961 | Lair:1   | HP: 1/77 [komodo dragon (27)]
 12284 | Lair:1   | Noticed a cane toad
 12290 | Lair:1   | Killed a cane toad
 12291 | Lair:1   | Reached skill level 10 in Spellcasting
 12636 | Lair:1   | Noticed a cane toad
 12641 | Lair:1   | Killed a cane toad
 12654 | Lair:1   | Noticed a cane toad
 12659 | Lair:1   | Reached XP level 11. HP: 64/82 MP: 21/25
 13099 | Lair:1   | Identified the +10 sling "Caabis" {freeze, rPois rF- rN+++
                  | Str-4}
 13171 | Lair:1   | Learned a level 6 spell: Death Channel
 13940 | Lair:1   | Learned a level 5 spell: Borgnjor's Vile Clutch
 13960 | Lair:2   | Noticed Prince Ribbit
 13979 | Lair:2   | Killed Prince Ribbit
 14201 | Lair:2   | Found a staircase to the Swamp.
 14391 | Lair:2   | Noticed an oklob plant
 14395 | Lair:2   | Noticed an oklob plant
 14396 | Lair:2   | Your ally Prince Ribbit died
 14399 | Lair:2   | Paralysed by a floating eye for 3 turns
 14403 | Lair:2   | Killed an oklob plant
 14407 | Lair:2   | Noticed an oklob plant
 14748 | Lair:2   | Noticed a death yak
 14749 | Lair:2   | Noticed a death yak
 14749 | Lair:2   | Noticed a death yak
 14750 | Lair:2   | Noticed a death yak
 14750 | Lair:2   | Noticed a death yak
 14784 | Lair:2   | Killed a death yak
 14787 | Lair:2   | Killed a death yak
 14790 | Lair:2   | Killed a death yak
 14791 | Lair:2   | Reached skill level 5 in Fighting
 14792 | Lair:2   | Killed a death yak
 14793 | Lair:2   | Reached XP level 12. HP: 39/96 MP: 0/28
 14796 | Lair:2   | Mangled by a death yak

Illustrated notes

Levels and vault maps discovered:
D:1:      psy_arrival_statuary, layout_loops_corners,
          ebering_ecumenical_altar_webs
D:2:      layout_basic, basic_altar, serial_forest,
          infiniplex_forest_clump_tiny, infiniplex_forest_straight_1,
          infiniplex_forest_zigzag_1, infiniplex_forest_zigzag_2,
          infiniplex_forest_clump_tiny
D:3:      layout_basic, old_standard_altar, uniq_natasha, uniq_jessica
D:4:      layout_basic, kennysheep_mini_moat, minmay_temple_entry_large_hall,
          serial_shops, shop, kennysheep_nub
D:5:      layout_basic, zin_purify, grunt_temple_overflow_opulence,
          uniq_menkaure, uniq_pikel, uniq_grinder
D:6:      lemuel_ice_spiral_2, layout_basic, kennysheep_generic_room_15
D:7:      layout_basic, minivault_27
D:8:      layout_gridville, serial_shops, nicolae_diamond_shop, st_stairs_11
D:9:      layout_stronghold, grunt_lair_entry_orc_guard_hut, hiddenorc2_lemuel,
          serial_shops, nicolae_shop_hallway_stairs, roderic_serpentine_path
Lair:1:   layout_gridlike, chequers_serial_rivers_micro_a
Lair:2:   layout_chaotic_city, swamp_mist, serial_bayou_pond_a, disabler_island,
          uniq_urug, uniq_maggie, uniq_prince_ribbit2

Skill      XL: |  1  2  3  4  5  6  7  8  9 10 11 |
---------------+----------------------------------+-----
Long Blades    | 4 5 6 8 |  8.0
Necromancy     | 1 2 3 5 7 9 10 12 | 12.0
Spellcasting   | 4 8 10 12 | 12.0
Fighting       | 6 |  6.2
Dodging        | |  2.6
Stealth        | |  1.7

Action                   |  1- 3 |  4- 6 |  7- 9 | 10-12 || total
-------------------------+-------+-------+-------+-------++-------
Melee: Falchion          |   102 |   141 |    21 |       ||   264
       Tailslap          |     8 |    19 |    25 |    39 ||    91
       Punch             |     2 |     2 |       |     4 ||     8
       Long sword        |       |       |   144 |   235 ||   379
 Cast: Necrotise         |    32 |    67 |       |     2 ||   101
       Animate Dead      |       |       |     1 |     5 ||     6
       Vampiric Draining |       |       |       |    22 ||    22
       Agony             |       |       |       |     3 ||     3
       Death Channel     |       |       |       |     4 ||     4
       Borgnjor's Vile C |       |       |       |     2 ||     2
Invok: Unearth Wretches  |       |       |       |     2 ||     2
 Abil: Breathe Steam     |       |       |    59 |    43 ||   102
Evoke: Wand              |       |       |       |     4 ||     4
  Use: Potion            |     1 |     5 |       |       ||     6
 Stab: Sleeping          |     1 |     1 |       |       ||     2
       Distracted        |       |       |       |     3 ||     3
       Paralysed         |       |       |       |     1 ||     1
Armor: Skin              |    32 |    42 |    47 |    48 ||   169
Dodge: Dodged            |    73 |   105 |   160 |   227 ||   565

Table legend: (Time is in decaauts)
 A = Elapsed time spent in this place.
 B = Non-inter-level travel time spent in this place.
 C = Inter-level travel time spent in this place.
 D = Time resting spent in this place.
 E = Time spent auto-exploring this place.
 F = Levels seen in this place.
 G = Mean time per level.
                   A        B        C        D        E       F      G
               +--------+--------+--------+--------+--------+-----+--------+
         Total |  15089 |  14627 |    462 |    432 |  12087 |  11 | 1371.7 |
       Dungeon |  12096 |  11641 |    455 |    429 |   9534 |   9 | 1344.0 |
          Lair |   2993 |   2987 |      6 |      3 |   2553 |   2 | 1496.5 |
               +--------+--------+--------+--------+--------+-----+--------+

Top non-repeatable levels by time:
     D:9: 2566 daAuts
  Lair:1: 2143 daAuts
     D:3: 1563 daAuts
     D:4: 1470 daAuts
     D:8: 1256 daAuts
     D:6: 1211 daAuts
     D:5: 1146 daAuts
     D:2: 1120 daAuts
     D:1: 1055 daAuts
  Lair:2: 849 daAuts
     D:7: 706 daAuts
